 Dungeon Crawl Stone Soup version 0.30-a0-137-gd8773701ce (webtiles) character file.

Game seed: 9494168765116293352

23 IdlyInterested the Stinger (level 2, 0/22 HPs)
             Began as a Demonspawn Wanderer on Sept 22, 2022.
             Slain by a white imp (5 damage)
             ... summoned by Natasha
             ... on level 2 of the Dungeon.
             The game lasted 00:04:54 (1098 turns).

IdlyInterested the Stinger (Demonspawn Wanderer)    Turns: 1098, Time: 00:04:56

Health: 0/22       AC:  3    Str: 10    XL:     2   Next: 75%
Magic:  5/5        EV: 11    Int: 16    God:
Gold:   35         SH:  0    Dex: 11    Spells: 4/5 levels left

rFire   . . .      SeeInvis .    g - +0 short sword
rCold   . . .      Faith    .    (no shield)
rNeg    . . .      Spirit   .    c - +0 robe
rPois   .          Reflect  .    (no helmet)
rElec   .          Harm     .    d - +0 cloak
rCorr   .          Rampage  .    (no gloves)
Will    .....                    (no boots)
Stlth   +.........               k - amulet of magic regeneration
HPRegen 0.07/turn                (no ring)
MPRegen 0.49/turn                (no ring)

@: slowed, very slow
A: demonic touch 1
a: no special abilities


You were on level 2 of the Dungeon.
You visited 1 branch of the dungeon, and saw 2 of its levels.

You collected 35 gold pieces.

Inventory:

Hand Weapons
 a - a +0 dagger
 g - a +0 short sword (weapon)
 i - a +0 whip
Missiles
 f - 13 stones
Armour
 c - a +0 robe (worn)
 d - a +0 cloak (worn)
 j - a +0 tower shield
Jewellery
 k - an amulet of magic regeneration (around neck)
Scrolls
 h - a scroll of poison {unknown}
Potions
 b - 2 potions of curing
 e - a potion of heal wounds {unknown}


   Skills:
 * Level 2.0 Fighting
 + Level 1.0 Dodging
 - Level 1.0 Stealth
 - Level 2.0 Spellcasting
 + Level 3.0 Hexes
 - Level 4.0 Poison Magic


You had 4 spell levels left.
You knew the following spells:

 Your Spells              Type           Power      Damage    Failure   Level
a - Sting                 Tmut/Pois      32%        1d4       9%          1

Your spell library contained the following spells:

 Spells                   Type           Power      Damage    Failure   Level
 Slow                     Hex            44%        N/A       6%          1
 Tukima's Dance           Hex            11%        N/A       19%         3
 Spider Form              Tmut/Pois      8%         N/A       26%         3
 Summon Guardian Golem    Hex/Summ       6%         N/A       32%         3


Dungeon Overview and Level Annotations

Branches:
Dungeon (2/15)

Altars:

Annotations:
D:2 Natasha


Innate Abilities, Weirdness & Mutations

Your touch may inflict minor irresistible damage on your foes.


Message History

Natasha wildly gestures.
You feel troubled. Natasha claws you but does no damage.
You hit Natasha.
Natasha is moderately wounded.
Natasha claws you. Natasha closely misses you.
You hit Natasha.
Natasha is moderately wounded.
Natasha closely misses you.
You closely miss Natasha.
Natasha is heavily wounded.
Natasha looks more healthy.
Natasha claws you.
Natasha stares at you and mumbles some strange words.
The magic dart hits you.
Unknown command.
Aiming: Sting (safe; 9% risk of failure)
Press: ? - help, Q - select action, (/) - cycle Shift-Dir - straight line, f/p - Natasha
Aim: Natasha (heavily wounded, 60% to hit)
The sting misses Natasha.
Natasha barely misses you.
Unknown command.
Aiming: Sting (safe; 9% risk of failure)
Press: ? - help, Q - select action, (/) - cycle Shift-Dir - straight line, f/p - Natasha
Aim: Natasha (heavily wounded, 60% to hit)
The sting misses Natasha.
Natasha misses you.
Natasha mumbles some strange words.
Aiming: Sting (safe; 9% risk of failure)
Press: ? - help, Q - select action, (/) - cycle Shift-Dir - straight line, f/p - Natasha
Aim: Natasha (heavily wounded, 60% to hit)
The sting misses Natasha.
Natasha claws you.
* * * LOW HITPOINT WARNING * * *
You feel better. Natasha closely misses you. The white imp hits you.
The white imp freezes you.
* * * LOW HITPOINT WARNING * * *
Natasha closely misses you. The white imp hits you.
* * * LOW HITPOINT WARNING * * *
The white imp freezes you.
You die...

#.....#
#######.....#
............#
......?.....#
............#
............#
......$h5...#
.......@.$..###.
#######.........
#.....###########
##.####.........#
#.# #.#######.#
#.####.##....#.#
#......##.#.<#.#
#########.####.#
#......#


You could see Natasha and a white imp (summoned).

Vanquished Creatures
  A dart slug (D:1)
  3 endoplasms
  4 goblins (D:1)
  A hobgoblin (D:1)
  3 jackals (D:1)
  2 kobolds (D:1)
  A ball python (D:1)
  2 bats (D:1)
  A frilled lizard (D:1)
  A rat (D:1)
19 creatures vanquished.

Notes
Turn   | Place    | Note
-------+----------+-------------------------------------------
     0 | D:1      | IdlyInterested the Demonspawn Wanderer began the quest for
                  | the Orb.
     0 | D:1      | IdlyInterested set off with the following items: a +0
                  | dagger, a potion of curing, a +0 robe, a +0 cloak; and the
                  | following spells available to memorise: Slow, Sting,
                  | Tukima's Dance, Spider Form, Summon Guardian Golem.
     0 | D:1      | Reached XP level 1. HP: 13/13 MP: 3/3
    28 | D:1      | Learned a level 1 spell: Sting
   180 | D:1      | Reached skill level 1 in Fighting
   237 | D:1      | Gained mutation: Your touch may inflict minor irresistible
                  | damage on your foes. [demonic ancestry]
   237 | D:1      | Reached XP level 2. HP: 12/21 MP: 0/5
   593 | D:1      | Reached skill level 1 in Dodging
   900 | D:1      | Found a faded altar of an unknown god.
  1086 | D:2      | Noticed Natasha
  1098 | D:2      | Slain by a white imp

Illustrated notes

Levels and vault maps discovered:
D:1:      dpeg_arrival_arbitrary_a, layout_loops_ring,
          shapermc_ecumenical_altar_acropolis
D:2:      layout_basic, basic_altar, hangedman_decor_points, uniq_natasha

Skill      XL: |  1  2 |
---------------+-------+-----
Fighting       | 1 2 |  2.0
Dodging        | 1 |  1.0
Stealth        | |  1.0
Spellcasting   | |  2.0
Hexes          | |  3.0
Poison Magic   | |  4.0

Action                   || total
-------------------------++-------
Melee: Short sword       ||    27
       Dagger            ||     4
       Touch             ||     2
Throw: Stone             ||    10
 Cast: Sting             ||    28
  Use: Potion            ||     1
 Stab: Sleeping          ||     2
Armor: Robe              ||     8
Dodge: Dodged            ||    23

Table legend: (Time is in decaauts)
 A = Elapsed time spent in this place.
 B = Non-inter-level travel time spent in this place.
 C = Inter-level travel time spent in this place.
 D = Time resting spent in this place.
 E = Time spent auto-exploring this place.
 F = Levels seen in this place.
 G = Mean time per level.
                   A        B        C        D        E       F      G
               +--------+--------+--------+--------+--------+-----+--------+
         Total |   1101 |   1099 |      2 |    208 |    697 |   2 |  550.5 |
       Dungeon |   1101 |   1099 |      2 |    208 |    697 |   2 |  550.5 |
               +--------+--------+--------+--------+--------+-----+--------+

Top non-repeatable levels by time:
     D:1: 1051 daAuts
     D:2: 50 daAuts
